 Dungeon Crawl Stone Soup version 0.20-a0-275-ga90a6c4 (webtiles) character file.

3175 Herrn the Cleaver (level 9, -2/81 HPs)
             Began as a Naga Monk on Dec 11, 2016.
             Was an Elder of Okawaru.
             Slain by a black bear (8 damage)
             ... on level 8 of the Dungeon.
             The game lasted 00:19:39 (8478 turns).

Herrn the Cleaver (Naga Monk)                       Turns: 8478, Time: 00:19:39

Health: -2/81      AC: 19    Str: 13    XL:     9   Next: 95%
Magic:  8/9        EV:  1    Int: 13    God:    Okawaru [****..]
Gold:   430        SH:  0    Dex: 15    Spells: 8/8 levels left

rFire  . . .     SeeInvis +     R - +0 battleaxe
rCold  + . .     Gourm    .     i - +0 plate armour
rNeg   + . .     Faith    .     (shield currently unavailable)
rPois  +         Spirit   .     B - +0 helmet
rElec  .         Reflect  .     z - +0 cloak
rCorr  .         Harm     .     E - +0 pair of gloves
MR     +....                    u - +1 naga barding
Stlth  ..........               (no amulet)
                                k - ring of positive energy
                                e - ring of protection from cold

@: very slow
A: see invisible, deformed body, poison resistance, slowness 2, slow metabolism
1, spit poison 1, AC +3
a: Spit Poison, Heroism, Renounce Religion


You were on level 8 of the Dungeon.
You worshipped Okawaru.
Okawaru was greatly pleased with you.
You were very hungry.

You visited 2 branches of the dungeon, and saw 9 of its levels.

You collected 430 gold pieces.

Inventory:

Hand Weapons
 a - a +0 hand axe
 N - a +0 flail of protection
 O - a +0 war axe
 R - a +0 battleaxe (weapon)
Armour
 i - a +0 plate armour (worn)
 r - a +0 ring mail
 u - a +1 naga barding (worn)
 z - a +0 cloak (worn)
 B - a +0 helmet (worn)
 E - a +0 pair of gloves (worn)
Jewellery
 e - a ring of protection from cold (left hand)
 k - a ring of positive energy (right hand)
 o - an uncursed ring of flight
 V - an uncursed ring of poison resistance {unknown}
 W - a +5 ring of strength {unknown}
Wands
 b - a wand of slowing (21/48)
 w - a wand of random effects (32/48)
 A - a wand of slowing (27/48)
 I - a wand of iceblast (2/15)
Scrolls
 g - 6 scrolls of remove curse
 h - a scroll of noise {unknown}
 j - 2 scrolls of enchant weapon {unknown}
 m - 2 scrolls of enchant armour
 n - a scroll of magic mapping {unknown}
 p - 2 scrolls of fog {unknown}
 s - 3 scrolls of teleportation
 v - 5 scrolls of blinking {unknown}
 x - 2 scrolls of fear {unknown}
 y - a scroll of random uselessness {unknown}
 G - 2 scrolls of immolation {unknown}
 L - 5 scrolls of identify
 S - a scroll of recharging {unknown}
Potions
 d - 2 potions of resistance
 l - 2 potions of agility
 q - a potion of brilliance {unknown}
 t - 3 potions of curing {unknown}
 C - a potion of mutation
 D - 2 potions of degeneration {unknown}
 F - a potion of cancellation {unknown}
 H - a potion of magic {unknown}
 J - 4 potions of lignification {unknown}
Books
 K - a book of Frost

   Spells                             Type                      Level
   a - Freeze                         Ice                          1
   b - Throw Frost                    Conjuration/Ice              2
   c - Ozocubu's Armour               Charms/Ice                   3
   d - Throw Icicle                   Conjuration/Ice              4
   e - Summon Ice Beast               Ice/Summoning                4
Comestibles
 c - 6 bread rations
 M - 3 fruits
 P - 2 beef jerkies
 Q - a slice of pizza
 T - a meat ration


   Skills:
 + Level 5.1 Fighting
 * Level 11.1 Axes
 + Level 4.5 Armour
 + Level 4.0 Dodging
 - Level 3.0 Stealth
 + Level 0.9 Invocations


You had 8 spell levels left.
You didn't know any spells.

Dungeon Overview and Level Annotations

Branches:
Dungeon (8/15)             Temple (1/1) D:4
   Lair: D:8-11

Altars:
Cheibriados
Dithmenos
Elyvilon
Fedhas
Gozag
Hepliaklqana
Makhleb
Nemelex Xobeh
Okawaru
Ru
Sif Muna
Trog
Uskayaw
Xom
Zin
The Shining One


Innate Abilities, Weirdness & Mutations

You cannot wear boots.
Your serpentine skin is tough. (AC +3)
You have supernaturally acute eyesight. (SInv)
Armour fits poorly on your strangely shaped body.
Your system is resistant to poisons. (rPois)
You cover ground very slowly.
You have a slow metabolism.
You can spit poison.


Message History

The black bear bites you.
* * * LOW HITPOINT WARNING * * *
The black bear claws you but does no damage. x2
Your plate armour prevents you from hitting the black bear.
The black bear is almost dead.
The black bear bites you but does no damage.
The black bear claws you but does no damage. x2
The black bear bites you.
* * * LOW HITPOINT WARNING * * *
The black bear claws you.
* * * LOW HITPOINT WARNING * * *
The black bear claws you but does no damage.
Okay, then.
Unknown command.
Okay, then.
Unknown command.
You barely miss the black bear.
The black bear is almost dead.
The black bear bites you!
You die...

......
#....
#....
....
###..####
.......#
#.....#
#h# #@#
#.# #..
....
####. .#
#


You could see a black bear (berserk).

Vanquished Creatures
  The ghost of jehirs the Geomancer, a novice DDEE (D:6)
  Grinder (D:6)
  The ghost of bezhaha the Poker, an amateur DgGl (D:3)
  The ghost of drd the Conjurer, an amateur DEWz of Vehumet (D:5)
  Eustachio (D:5)
  A wyvern (D:5)
  Menkaure (D:6)
  Edmund (D:6)
  An ice beast (D:5)
  A sky beast (D:7)
  2 phantoms
  2 ogres
  A centaur (D:7)
  Blork the orc (D:6)
  2 bullfrogs (D:7)
  A scorpion (D:5)
  A howler monkey (D:6)
  A hound (D:6)
  A jelly (D:7)
  4 orc priests
  Jessica (D:3)
  2 centaur skeletons
  5 orc wizards
  3 worker ants
  A hound zombie (D:6)
  A worker ant zombie (D:5)
  Robin (D:3)
  8 adders
  6 gnolls
  A shadow imp (D:6)
  4 oozes
  5 dart slugs (D:1)
  4 leopard geckos
  25 orcs
  4 giant cockroaches
  15 goblins
  12 hobgoblins
  6 jackals
  4 kobolds
  A ball python (D:5)
  13 bats
  3 frilled lizards
  A quokka zombie (D:6)
  12 rats
164 creatures vanquished.

Vanquished Creatures (others)
  A fungus (D:4)
1 creature vanquished.

Grand Total: 165 creatures vanquished

Notes
Turn   | Place    | Note
-------+----------+-------------------------------------------
     0 | D:1      | Herrn the Naga Monk began the quest for the Orb.
     0 | D:1      | Reached XP level 1. HP: 21/21 MP: 1/1
   141 | D:1      | Reached XP level 2. HP: 28/28 MP: 2/2
   471 | D:1      | Reached XP level 3. HP: 34/34 MP: 3/3
  1071 | D:2      | Reached skill level 4 in Axes
  1279 | D:2      | Found a glowing silver altar of Zin.
  1279 | D:2      | Found a shadowy altar of Dithmenos.
  1286 | D:2      | Reached XP level 4. HP: 42/42 MP: 4/4
  1296 | D:2      | Found a faded altar of an unknown god.
  1298 | D:2      | Found a sparkling altar of Nemelex Xobeh.
  1309 | D:2      | Found a faded altar of an unknown god.
  1826 | D:3      | Noticed Jessica
  1832 | D:3      | Killed Jessica
  1832 | D:3      | Reached XP level 5. HP: 49/49 MP: 5/5
  2011 | D:3      | Noticed Robin
  2023 | D:3      | Killed Robin
  2038 | D:3      | Found a sparkling altar of Nemelex Xobeh.
  2403 | D:3      | Noticed bezhaha's ghost (amateur DgGl)
  2426 | D:3      | Killed bezhaha's ghost
  2426 | D:3      | Reached skill level 5 in Axes
  2426 | D:3      | Reached skill level 1 in Armour
  2426 | D:3      | Reached XP level 6. HP: 21/56 MP: 6/6
  3321 | D:4      | Reached skill level 6 in Axes
  3486 | D:4      | Found a blossoming altar of Fedhas.
  3622 | D:4      | Found a staircase to the Ecumenical Temple.
  3728 | Temple   | Entered the Ecumenical Temple
  4032 | Temple   | Became a worshipper of Warmaster Okawaru
  4032 | Temple   | Reached * piety under Okawaru
  4032 | Temple   | Reached ** piety under Okawaru
  4281 | D:4      | Reached XP level 7. HP: 29/62 MP: 7/7
  4781 | D:5      | Entered Level 5 of the Dungeon
  4863 | D:5      | Noticed Eustachio
  4881 | D:5      | Noticed drd's ghost (amateur DEWz)
  4892 | D:5      | Killed Eustachio
  4912 | D:4      | Reached skill level 7 in Axes
  5341 | D:4      | Reached XP level 8. HP: 69/72 MP: 8/8
  5459 | D:5      | Killed drd's ghost
  5459 | D:5      | Reached skill level 8 in Axes
  5714 | D:5      | Noticed a wyvern
  5720 | D:5      | Killed a wyvern
  5746 | D:5      | Reached *** piety under Okawaru
  6179 | D:6      | Noticed Grinder
  6179 | D:6      | Noticed jehirs's ghost (novice DDEE)
  6198 | D:6      | Killed jehirs's ghost
  6198 | D:6      | Reached skill level 9 in Axes
  6198 | D:6      | Reached XP level 9. HP: 67/79 MP: 6/9
  6209 | D:6      | Killed Grinder
  6489 | D:6      | Reached skill level 10 in Axes
  6532 | D:6      | Reached **** piety under Okawaru
  6571 | D:6      | Noticed Menkaure
  6578 | D:6      | Killed Menkaure
  7037 | D:6      | Noticed Edmund
  7084 | D:6      | Killed Edmund
  7372 | D:6      | Noticed Blork the orc
  7415 | D:6      | Killed Blork the orc
  7566 | D:6      | Reached skill level 5 in Fighting
  8248 | D:7      | Reached skill level 11 in Axes
  8256 | D:7      | Found a bloodstained altar of Trog.
  8478 | D:8      | Slain by a black bear

Vault maps used:
D:1:      eino_arrival_cavern_e, corner_web_ring, serial_bayou_pond_b
D:2:      chequers_temple_overflow_minitemple, minmay_rat_gold_closets
D:3:      nemelex_lonely_heart_becter, uniq_jessica, uniq_robin
D:4:      grunt_decor_clamped, fedhas_altar_3
D:5:      first_bread, minmay_small_thing, uniq_eustachio
D:6:      uniq_blork_the_orc, uniq_menkaure, uniq_grinder, uniq_edmund
D:7:      lightli_temple_of_fire
D:8:      lemuel_coloured_pillars_altar, kiku_gazebo_pond_becter
Temple:   minmay_temple_forest_path

Skill      XL: |  1  2  3  4  5  6  7  8  9 |
---------------+----------------------------+-----
Axes           | 4 5 6 7 9 11 | 11.1
Dodging        | 3 4 |  4.0
Armour         | 1 2 3 4 |  4.5
Fighting       | 4 5 |  5.1
Stealth        | |  3.0
Invocations    | |  0.9

Action                   |  1- 3 |  4- 6 |  7- 9 || total
-------------------------+-------+-------+-------++-------
Melee: Hand axe          |    87 |   155 |   387 ||   629
       Battleaxe         |       |       |    69 ||    69
       War axe           |       |       |    12 ||    12
Invok: Heroism           |       |       |     4 ||     4
 Abil: Spit Poison       |    23 |    26 |    30 ||    79
  Use: Scroll            |       |     2 |     6 ||     8
       Potion            |       |     1 |     5 ||     6
 Stab: Sleeping          |     1 |     6 |     1 ||     8
  Eat: Chunk             |     2 |     7 |    11 ||    20
       Pizza             |       |     1 |       ||     1
       Royal jelly       |       |       |     1 ||     1
Armor: Robe              |    56 |     9 |       ||    65
       Ring mail         |       |    86 |   183 ||   269
       Plate armour      |       |       |   164 ||   164
Dodge: Dodged            |    97 |    73 |   105 ||   275
